[Event "Titled Tuesday Blitz June 21 Early 2022"]
[White "Lashkin, Jegor"]
[Black "Karttunen, Mika"]
[WhiteFideId "13907808"]
[BlackFideId "502081"]
[WhiteElo "2368"]
[BlackElo "2343"]
[Result "1-0"]
[Round "06"]
[TimeControl "180+1"]
[Date "2022.06.21"]
[WhiteClock "0:00:08"]
[BlackClock "0:00:14"]

1. d4 Nf6 2. c4 e6 3. Nf3 d5 4. Nc3 Bb4 5. e3 O-O 6. Bd2 c5 7. a3 Bxc3 8. Bxc3 Ne4 9. Rc1 Nxc3 10. Rxc3 cxd4 11. Nxd4 dxc4 12. Bxc4 e5 13. Nf3 Qxd1+ 14. Kxd1 Nc6 15. Bb5 Bg4 16. h3 Bxf3+ 17. gxf3 Rfd8+ 18. Ke2 Rd6 19. Bxc6 bxc6 20. Rhc1 Rb8 21. b4 Rb6 22. Rc5 f6 23. Ra5 Rd7 24. Rc4 Kf7 25. f4 exf4 26. Rxf4 Ke6 27. h4 g6 28. h5 Kf7 29. Rc4 Re7 30. f4 Kg7 31. Kf3 Kh6 32. Rc1 f5 33. Rh1 Kg7 34. h6+ Kf6 35. Rd1 Ke6 36. Re5+ Kf7 37. Rd8 Rbb7 38. Rh8 Kf6 39. Rf8+ Rf7 40. Rc8 Rfc7 41. Rce8 Re7 42. Rf8+ Rf7 43. Rd8 Rfd7 44. Rc8 Rdc7 45. Rxc7 Rxc7 46. Re8 Re7 47. Rc8 Re6 48. Rc7 Re7 49. Rxc6+ Kf7 50. b5 Rb7 51. a4 Ke7 52. e4 fxe4+ 53. Kxe4 Kf7 54. Kd5 Ke7 55. Kc5 Kf7 56. a5 Ke7 57. a6 Rd7 58. b6 axb6+ 59. Kxb6 Rd4 60. Kb7 Rxf4 61. a7 Rb4+ 62. Rb6 Ra4 63. Ra6 Rb4+ 64. Kc6 Rc4+ 65. Kd5 Rc8 66. a8=Q Rxa8 67. Rxa8 Kf6 68. Ke4 Kg5 69. Kf3 Kxh6 70. Kg4 Kg7 71. Ra7+ Kh6 72. Rb7 1-0


[Site "https://www.chess.com"]

[Event "Titled Tuesday Blitz June 21 Early 2022"]
[White "Legenia, Artem"]
[Black "Lorente Serrano, Rosa Adela"]
[WhiteFideId "14136945"]
[BlackFideId "32091982"]
[WhiteElo "1936"]
[BlackElo "1820"]
[Result "1-0"]
[Round "06"]
[TimeControl "180+1"]
[Date "2022.06.21"]
[WhiteClock "0:01:56"]
[BlackClock "0:00:38"]

1. d4 Nf6 2. Nf3 g6 3. e3 Bg7 4. b3 O-O 5. Bb2 d6 6. Bd3 Nbd7 7. Nbd2 e5 8. O-O Re8 9. dxe5 Ng4 10. Qc1 Ndxe5 11. Nxe5 Nxe5 12. Be2 a5 13. Nf3 a4 14. Bxe5 dxe5 15. e4 c6 16. b4 a3 17. c4 Qb6 18. Qc3 Bg4 19. c5 Qc7 20. Rad1 Ra4 21. h3 Bxf3 22. Bxf3 b6 23. Qb3 Rea8 24. Bg4 b5 25. Rd7 1-0


[Site "https://www.chess.com"]

[Event "Titled Tuesday Blitz June 21 Early 2022"]
[White "Leve, Nitai"]
[Black "Barria Zuniga, Daniel"]
[WhiteFideId "2006898"]
[BlackFideId "3400816"]
[WhiteElo "2144"]
[BlackElo "2414"]
[Result "1-0"]
[Round "06"]
[TimeControl "180+1"]
[Date "2022.06.21"]
[WhiteClock "0:00:02"]
[BlackClock "0:00:09"]

1. d4 c6 2. c4 d5 3. Nc3 dxc4 4. Nf3 b5 5. a4 b4 6. Na2 e6 7. e4 Ba6 8. Be2 Nf6 9. e5 Nd5 10. O-O c5 11. Bg5 Qb6 12. Rc1 h6 13. Be3 Nxe3 14. fxe3 c3 15. Bxa6 Nxa6 16. bxc3 b3 17. Rb1 c4 18. Nd2 Qc6 19. Nc1 Rc8 20. Qg4 g6 21. Qf4 Be7 22. Qxf7+ Kd7 23. Qxg6 Rhg8 24. Qe4 Qxe4 25. Nxe4 Nc7 26. Nxb3 cxb3 27. Rxb3 Rb8 28. Rxb8 Rxb8 29. Rf7 Rb1+ 30. Kf2 Rb2+ 31. Kf3 Nd5 32. c4 Ke8 33. Rh7 Nb6 34. c5 Nxa4 35. Nd6+ Bxd6 36. exd6 Rc2 37. Rxa7 Nxc5 38. dxc5 Rxc5 39. Re7+ Kf8 40. Rxe6 h5 41. e4 Kf7 42. Re7+ Kf6 43. Rh7 Rc1 44. d7 Rd1 45. Kf4 Kg6 46. Re7 Kf6 47. Rh7 Kg6 48. Rh8 Rxd7 49. e5 Rd1 50. Ra8 Rf1+ 51. Ke4 Re1+ 52. Kd5 Rd1+ 53. Ke6 Rd2 54. Rg8+ Kh7 55. Rg3 h4 56. Rg4 Kh6 57. Rxh4+ Kg5 58. Rh8 Kf4 59. Rf8+ Ke4 60. Rf1 Rxg2 61. Kf6 Rxh2 62. e6 Rh6+ 63. Kf7 Rh7+ 64. Ke8 Ra7 65. e7 Ke5 66. Kf8 1-0


[Site "https://www.chess.com"]

[Event "Titled Tuesday Blitz June 21 Early 2022"]
[White "Lorne, Ras Malaku"]
[Black "Mickiewicz, Piotr"]
[WhiteFideId "7400330"]
[BlackFideId "1114891"]
[WhiteElo "2199"]
[BlackElo "2209"]
[Result "0-1"]
[Round "06"]
[TimeControl "180+1"]
[Date "2022.06.21"]
[WhiteClock "0:00:09"]
[BlackClock "0:00:23"]

1. d4 e6 2. c4 d5 3. Nc3 Nf6 4. Nf3 c6 5. Bf4 dxc4 6. a4 Bb4 7. e3 Nd5 8. Qc2 Nxf4 9. exf4 b5 10. axb5 cxb5 11. b3 Nc6 12. bxc4 Nxd4 13. Qb2 Nxf3+ 14. gxf3 a5 15. cxb5 Qd4 16. Rc1 Bb7 17. Qd2 Qxd2+ 18. Kxd2 Rc8 19. Bd3 Ke7 20. Rc2 Bxf3 21. Rhc1 Rxc3 22. Rxc3 Rc8 23. Ke3 Rxc3 24. Rxc3 Bxc3 25. Kxf3 Bd4 26. Ke2 g6 27. f3 Kd6 28. h3 Kc5 29. Kd2 Kb4 30. Kc2 Bb6 31. Be2 h5 32. Bd3 h4 33. Be2 Bc7 34. Bd3 Kc5 35. Kb3 Bxf4 36. Ka4 Bc7 37. Be4 Bb6 38. Bc6 g5 39. Be8 f6 40. Kb3 Kd4 41. Bd7 e5 42. Bf5 Ke3 43. Be4 Kf4 44. Kc4 a4 45. Kb4 f5 46. Bc6 Kg3 47. Kxa4 Kxh3 48. Bd7 Kg3 49. Bxf5 Kxf3 50. Kb4 g4 51. Kc4 h3 52. Kd5 Kf4 53. Be4 g3 54. Bh1 0-1


[Site "https://www.chess.com"]

[Event "Titled Tuesday Blitz June 21 Early 2022"]
[White "Mahdavi, Reza"]
[Black "Yen, William"]
[WhiteFideId "12595926"]
[BlackFideId "30932025"]
[WhiteElo "2265"]
[BlackElo "1905"]
[Result "1-0"]
[Round "06"]
[TimeControl "180+1"]
[Date "2022.06.21"]
[WhiteClock "0:00:08"]
[BlackClock "0:00:06"]

1. e4 e6 2. d4 d5 3. Nc3 Bb4 4. Bd3 dxe4 5. Bxe4 Nf6 6. Bf3 c5 7. Be3 O-O 8. dxc5 Qa5 9. Ne2 Rd8 10. Qc1 Nbd7 11. a3 Bxc5 12. b4 Bxe3 13. Qxe3 Qc7 14. Rd1 a6 15. O-O Rb8 16. Nd4 Ne5 17. Rfe1 Nxf3+ 18. Nxf3 Bd7 19. Ne4 Nxe4 20. Qxe4 Bc6 21. Qe5 Qxe5 22. Nxe5 Ba4 23. Rxd8+ Rxd8 24. c4 f6 25. Nf3 e5 26. Kf1 Kf7 27. Ke2 Bc2 28. Rc1 Bd3+ 29. Ke3 Bg6 30. Rc3 Rd1 31. c5 Ke7 32. Nd2 Re1+ 33. Kf3 Kd7 34. Nb3 Rd1 35. c6+ bxc6 36. Nc5+ Kd6 37. Nxa6 Rd3+ 38. Rxd3+ Bxd3 39. Nc5 Bc4 40. Ke3 h5 41. a4 g5 42. a5 f5 43. Kd2 Kc7 44. g3 f4 45. Ne4 fxg3 46. fxg3 g4 47. Nf6 Bf7 48. Ke3 Kd6 49. a6 Kc7 50. Nd7 Bd5 51. Nf6 Bf7 52. Ke4 Kb6 53. Kxe5 Kxa6 54. Kd6 Kb5 55. Nd7 Bd5 56. Nf6 Bf7 57. Nd7 Bd5 58. Ne5 Kxb4 59. Nxc6+ Bxc6 60. Kxc6 Kc4 61. Kd6 Kd4 62. Ke6 Ke4 63. Kf6 Kf3 64. Kg5 Kg2 65. Kxh5 Kxh2 66. Kh4 1-0


[Site "https://www.chess.com"]

[Event "Titled Tuesday Blitz June 21 Early 2022"]
[White "Makarian, Rudik"]
[Black "Jobava, Baadur"]
[WhiteFideId "44105681"]
[BlackFideId "13601520"]
[WhiteElo "2398"]
[BlackElo "2617"]
[Result "0-1"]
[Round "06"]
[TimeControl "180+1"]
[Date "2022.06.21"]
[WhiteClock "0:00:06"]
[BlackClock "0:00:29"]

1. d3 d5 2. f4 b6 3. g3 Bb7 4. Bg2 e6 5. Nf3 Nf6 6. O-O Nc6 7. Kh1 h5 8. Qe1 d4 9. Ne5 Nd5 10. Nxc6 Bxc6 11. c4 Nb4 12. Bxc6+ Nxc6 13. h3 Qd7 14. Nd2 Bb4 15. a3 Bxd2 16. Bxd2 Ne7 17. Qf2 Nf5 18. Kh2 O-O-O 19. Qf3 Kb8 20. a4 Qc8 21. a5 Qb7 22. Qxb7+ Kxb7 23. b4 c6 24. Kg2 b5 25. a6+ Kb6 26. c5+ Kc7 27. g4 Ne7 28. f5 hxg4 29. hxg4 exf5 30. gxf5 f6 31. Rf4 Rh5 32. Rh1 Rxf5 33. Kf3 Rxf4+ 34. Bxf4+ Kd7 35. Ke4 Ke6 36. Rh7 Nf5 37. Bd6 Nxd6+ 38. cxd6 Rd7 39. Kxd4 Kxd6 40. Rh8 Kc7+ 41. Ke4 Kb6 42. Rc8 Re7+ 43. Kf3 Rc7 44. Rd8 Kxa6 45. d4 Kb6 46. e4 a5 47. bxa5+ Kxa5 48. e5 fxe5 49. dxe5 c5 50. Ke4 c4 51. e6 c3 52. Rd7 Rc4+ 53. Kd5 c2 54. e7 c1=Q 55. e8=Q Qd2+ 56. Ke6 Qe3+ 57. Kf7 Rf4+ 0-1


[Site "https://www.chess.com"]

[Event "Titled Tuesday Blitz June 21 Early 2022"]
[White "Mangialardo, Tiago Carvalho"]
[Black "Carrasco Miranda, Andres"]
[WhiteFideId "2130718"]
[BlackFideId "3405990"]
[WhiteElo "2094"]
[BlackElo "2177"]
[Result "0-1"]
[Round "06"]
[TimeControl "180+1"]
[Date "2022.06.21"]
[WhiteClock "0:00:03"]
[BlackClock "0:00:18"]

1. e4 c5 2. Nf3 d6 3. d4 cxd4 4. Nxd4 Nf6 5. Nc3 a6 6. Be2 e6 7. Be3 Be7 8. Qd2 b5 9. f3 Qc7 10. a3 Nbd7 11. Nb3 Bb7 12. g4 Ne5 13. g5 Nfd7 14. f4 Nc4 15. Bxc4 bxc4 16. Nd4 Nc5 17. f5 e5 18. Nde2 Nxe4 19. Nxe4 Bxe4 20. O-O Rb8 21. Ng3 Ba8 22. f6 gxf6 23. gxf6 Bf8 24. Bh6 Qc6 25. Nf5 Rg8+ 26. Bg7 Qh1+ 27. Kf2 Qxh2+ 28. Ke1 Qxd2+ 29. Kxd2 Rxb2 30. Kc3 Rb6 31. Rad1 d5 32. Nh6 Rxg7 33. fxg7 Bxg7 34. Nxf7 e4+ 35. Kd2 c3+ 36. Ke3 d4+ 37. Kf4 Kxf7 38. Kg5+ Kg8 39. Rf4 Rg6+ 40. Kh5 d3 41. Rdf1 dxc2 42. Rc1 Bd5 43. Rxc2 Bf7 44. Kh4 Bf6+ 45. Kh3 Be6+ 46. Kh2 Be5 47. Rf2 Bxf4+ 48. Rxf4 c2 0-1


[Site "https://www.chess.com"]

[Event "Titled Tuesday Blitz June 21 Early 2022"]
[White "Marn, Jan"]
[Black "Simonovic, Miroslav"]
[WhiteFideId "14619245"]
[BlackFideId "919152"]
[WhiteElo "2105"]
[BlackElo "2043"]
[Result "0-1"]
[Round "06"]
[TimeControl "180+1"]
[Date "2022.06.21"]
[WhiteClock "0:00:03"]
[BlackClock "0:00:02"]

1. d4 Nf6 2. c4 c5 3. d5 b5 4. cxb5 a6 5. bxa6 Bxa6 6. Nc3 d6 7. e4 Bxf1 8. Kxf1 Nbd7 9. g3 g6 10. Kg2 Bg7 11. Nf3 O-O 12. a4 Qa5 13. Bd2 Qb4 14. Qc2 Rfb8 15. Rhb1 Qb3 16. Qxb3 Rxb3 17. Be1 Rab8 18. a5 Rxb2 19. Rxb2 Rxb2 20. a6 Nb6 21. Na4 Nxa4 22. Rxa4 Rb8 23. Nd2 Nd7 24. Nc4 Ra8 25. f4 Ra7 26. e5 dxe5 27. fxe5 Bxe5 28. Kf3 Bd6 29. Ke4 f5+ 30. Kd3 Nb8 31. Nxd6 exd6 32. Bd2 Nxa6 33. Kc4 Kf7 34. Ra5 Ra8 35. Kb5 Nc7+ 36. Kc6 Rxa5 37. Bxa5 Ne8 38. Kd7 c4 39. Bc3 Nf6+ 40. Kxd6 Ne4+ 41. Kc6 Nxc3 42. d6 Nd5 0-1


[Site "https://www.chess.com"]

[Event "Titled Tuesday Blitz June 21 Early 2022"]
[White "Matinian, Nikita"]
[Black "Zierk, Steven"]
[WhiteFideId "24129100"]
[BlackFideId "2034255"]
[WhiteElo "2422"]
[BlackElo "2494"]
[Result "0-1"]
[Round "06"]
[TimeControl "180+1"]
[Date "2022.06.21"]
[WhiteClock "0:00:23"]
[BlackClock "0:00:53"]

1. e4 e6 2. d4 d5 3. Nc3 Bb4 4. e5 c5 5. a3 Bxc3+ 6. bxc3 Qa5 7. Bd2 Qa4 8. h4 Nc6 9. h5 h6 10. Nf3 Nge7 11. Rb1 c4 12. Qc1 b6 13. g4 Bd7 14. Nh4 O-O-O 15. Bh3 Rdf8 16. O-O g5 17. hxg6 Nxg6 18. Ng2 h5 19. f3 hxg4 20. Bxg4 f6 21. exf6 Rxf6 22. Bg5 Rf7 23. Qd2 Qxa3 24. Ra1 Qd6 25. f4 Rfh7 26. Qe3 Kb7 27. Rae1 Nce7 28. Bxe6 Nf5 29. Bxf5 Bxf5 30. Kf2 Be4 31. Qd2 Bxg2 0-1


[Site "https://www.chess.com"]

[Event "Titled Tuesday Blitz June 21 Early 2022"]
[White "Matyukov, Petr"]
[Black "Curtis, John"]
[WhiteFideId "4103688"]
[BlackFideId "3200256"]
[WhiteElo "2278"]
[BlackElo "2203"]
[Result "0-1"]
[Round "06"]
[TimeControl "180+1"]
[Date "2022.06.21"]
[WhiteClock "0:01:56"]
[BlackClock "0:01:58"]

1. c4 Nf6 2. g3 g6 3. b3 Bg7 4. Bb2 O-O 5. Bg2 d6 6. Nf3 e5 7. O-O c5 8. d3 Nc6 9. Nbd2 Re8 10. e3 Bg4 11. h3 Bf5 12. d4 exd4 13. exd4 Ne4 14. g4 Nxd2 15. Qxd2 Be4 16. d5 Bxf3 17. Bxf3 Nd4 18. Bg2 Qh4 19. f4 Re2 20. Qd3 Rxb2 21. f5 Ne2+ 22. Kh1 Ng3+ 23. Kg1 Bd4+ 24. Kh2 Be5 25. Kg1 Nxf1 26. Rxf1 Qg3 27. fxg6 Qxg2# 0-1


[Site "https://www.chess.com"]

[Event "Titled Tuesday Blitz June 21 Early 2022"]
[White "Melikhov, Evgeny V."]
[Black "Bethke, Richard"]
[WhiteFideId "4122046"]
[BlackFideId "12959243"]
[WhiteElo "1904"]
[BlackElo "2508"]
[Result "1-0"]
[Round "06"]
[TimeControl "180+1"]
[Date "2022.06.21"]
[WhiteClock "0:00:06"]
[BlackClock "0:00:17"]

1. d4 Nf6 2. c4 e6 3. Nc3 d5 4. cxd5 exd5 5. Bg5 Be7 6. e3 c6 7. Bd3 Nbd7 8. Qc2 h6 9. Bh4 Nh5 10. Bxe7 Qxe7 11. Nge2 Nb6 12. O-O-O Bd7 13. Kb1 O-O-O 14. Nc1 Kb8 15. Nb3 Bc8 16. Nc5 Nf6 17. N3a4 Nxa4 18. Qxa4 Nd7 19. Rc1 Rhe8 20. g3 f5 21. Rhd1 b6 22. Na6+ Bxa6 23. Bxa6 c5 24. Qc6 Nf6 25. dxc5 Qc7 26. cxb6 Qxb6 27. Qxb6+ axb6 28. Bb5 Re6 29. Rd4 Ng4 30. Rcd1 Red6 31. Be2 Nxf2 32. Rf1 Ne4 33. Rxf5 Rc6 34. Rfxd5 Rf8 35. a3 Rf2 36. Rxe4 Rxe2 37. Re7 Rcc2 38. Rd8+ Rc8 39. Rdd7 Rcc2 40. Rd8+ Rc8 41. Rxc8+ Kxc8 42. Rxg7 Rxh2 43. g4 Rh3 44. e4 Re3 45. Rg6 Rxe4 46. Rxb6 Rxg4 47. Rxh6 Rg3 48. Ka2 Kb7 49. Rf6 Kc7 50. b4 Kb7 51. Kb2 Kc7 52. Re6 Kb7 53. Re2 Kb6 54. Rc2 Kb5 55. Rc5+ Kb6 56. Rc3 Rg1 57. Kb3 Rg4 58. Rc5 Rg3+ 59. Ka4 Rg8 60. Rh5 Ra8+ 61. Kb3 Re8 62. Rh6+ Kb7 63. a4 Re4 64. a5 Re1 65. Ka4 Re2 66. Kb5 Re5+ 67. Kc4 Re4+ 68. Kc5 Re5+ 69. Kd4 Rg5 70. Rd6 Kc7 71. Rd5 Rg1 72. Kc5 Rg3 73. Kb5 Rg4 74. Rh5 Rd4 75. Rh7+ Kd6 76. a6 Rd1 77. a7 Ra1 78. Kb6 Ra4 79. b5 Kd5 80. Kb7 Kc5 81. a8=Q Rb4 82. Qc8+ Kxb5 83. Rh5+ Ka4+ 84. Ka6 Ka3 85. Ra5+ Kb3 86. Rb5 1-0


[Site "https://www.chess.com"]

[Event "Titled Tuesday Blitz June 21 Early 2022"]
[White "Mestnikov, Aisen"]
[Black "Al-Tarboush, Ward"]
[WhiteFideId "34130117"]
[BlackFideId "7601450"]
[WhiteElo "2027"]
[BlackElo "2249"]
[Result "0-1"]
[Round "06"]
[TimeControl "180+1"]
[Date "2022.06.21"]
[WhiteClock "0:00:01"]
[BlackClock "0:01:55"]

1. d4 b6 2. c4 Bb7 3. Nc3 Nf6 4. d5 e6 5. g3 Bb4 6. Bg2 Bxc3+ 7. bxc3 Na6 8. Ba3 Nc5 9. Bxc5 bxc5 10. Rb1 Rb8 11. Qa4 a6 12. Nh3 exd5 13. Nf4 c6 14. O-O O-O 15. Rfd1 dxc4 16. Qxc4 Qa5 17. Nd3 d6 18. e4 Rfd8 19. e5 dxe5 20. Nxe5 Rxd1+ 21. Rxd1 Qc7 22. Qxc5 Re8 23. f4 h5 24. Bxc6 Rc8 25. Rd6 Ne4 26. Qd4 Nxd6 27. Bxb7 Nxb7 28. Qd5 Qc5+ 29. Qxc5 Nxc5 30. c4 Ne4 31. Kg2 Nd6 32. Kf3 Nxc4 33. Nd7 Rd8 34. Nc5 a5 35. a4 Rd2 36. Ke4 Rxh2 37. Kf5 g6+ 38. Kf6 Re2 39. Nb7 Nd2 40. g4 Nf3 0-1


[Site "https://www.chess.com"]

[Event "Titled Tuesday Blitz June 21 Early 2022"]
[White "Mindlin, Alon"]
[Black "Pranesh M"]
[WhiteFideId "2800071"]
[BlackFideId "35028600"]
[WhiteElo "2390"]
[BlackElo "1902"]
[Result "1-0"]
[Round "06"]
[TimeControl "180+1"]
[Date "2022.06.21"]
[WhiteClock "0:00:38"]
[BlackClock "0:01:10"]

1. d4 Nf6 2. c4 c6 3. Nc3 d5 4. cxd5 cxd5 5. Bg5 Nc6 6. Bxf6 gxf6 7. e3 e6 8. Nge2 f5 9. g3 Bd7 10. Bg2 Bd6 11. Rc1 Rc8 12. O-O O-O 13. f3 Na5 14. e4 Nc4 15. Qd3 Nxb2 16. Qb1 Nc4 17. Qd3 Qa5 18. exd5 exd5 19. Bh3 Rfe8 20. Bxf5 Re3 21. Qb1 Nd2 22. Qb2 Nxf1 23. Bxd7 Rc7 24. Bh3 Ba3 25. Qc2 Bb2 26. Qxb2 Nxg3 27. hxg3 Rxf3 28. Qd2 f6 29. Bg4 Rcxc3 30. Bxf3 Ra3 31. Qxa5 Rxa5 32. Rc7 Kf8 33. Rxb7 Rxa2 34. Nf4 Ke8 35. Ne6 Ra1+ 36. Kg2 Ra2+ 37. Kh3 Rh2+ 38. Kxh2 a5 39. Bg4 a4 40. Bh5# 1-0


[Site "https://www.chess.com"]

[Event "Titled Tuesday Blitz June 21 Early 2022"]
[White "Molina, Roberto Junio Brito"]
[Black "Arabidze, Meri"]
[WhiteFideId "2109450"]
[BlackFideId "13604040"]
[WhiteElo "2432"]
[BlackElo "2335"]
[Result "1-0"]
[Round "06"]
[TimeControl "180+1"]
[Date "2022.06.21"]
[WhiteClock "0:00:21"]
[BlackClock "0:00:04"]

1. d4 f5 2. g3 e6 3. Bg2 d5 4. Nf3 Nf6 5. O-O Bd6 6. c4 c6 7. b3 Qe7 8. Bb2 Nbd7 9. Qc1 b6 10. Ba3 Bxa3 11. Qxa3 Qxa3 12. Nxa3 Bb7 13. Rfc1 Ke7 14. e3 Rac8 15. Rc2 c5 16. Rac1 Ne4 17. dxc5 Rxc5 18. cxd5 Bxd5 19. b4 Rxc2 20. Rxc2 a5 21. bxa5 Ra8 22. Nc4 Bxc4 23. Rxc4 Rxa5 24. Rc2 Rb5 25. Nd4 Rb1+ 26. Bf1 Ndc5 27. Kg2 g5 28. h3 h5 29. Bc4 g4 30. h4 Kf6 31. Be2 e5 32. Nc6 Na4 33. Bd3 Nec5 34. Rxc5 Rd1 35. Bc2 Rd2 36. Rc4 b5 37. Rxa4 bxa4 38. Bxa4 Rxa2 39. Bb3 Rb2 40. Bd5 Rd2 41. Bc4 Rc2 42. Bb5 Rb2 43. Bf1 Rc2 44. Nb4 Rd2 45. Bc4 f4 46. exf4 exf4 47. Nd5+ Ke5 48. Nxf4 Rd4 49. Bf7 1-0


[Site "https://www.chess.com"]

[Event "Titled Tuesday Blitz June 21 Early 2022"]
[White "Namitbir Singh Walia"]
[Black "Yang, Kaiqi"]
[WhiteFideId "35071068"]
[BlackFideId "8604398"]
[WhiteElo "1565"]
[BlackElo "2373"]
[Result "0-1"]
[Round "06"]
[TimeControl "180+1"]
[Date "2022.06.21"]
[WhiteClock "0:00:04"]
[BlackClock "0:00:08"]

1. d4 Nf6 2. c4 e6 3. g3 c5 4. d5 exd5 5. cxd5 d6 6. Bg2 g6 7. Nc3 Bg7 8. Nf3 O-O 9. O-O a6 10. a4 Re8 11. Nd2 Nbd7 12. a5 Ne5 13. h3 Nh5 14. e4 Rb8 15. Kh2 b5 16. axb6 Rxb6 17. f4 Rb4 18. fxe5 Nxg3 19. Kxg3 Bxe5+ 20. Kf2 Bxh3 21. Nf3 Bg4 22. Ra2 Bd4+ 23. Kg3 Bh5 24. Ne2 Bg7 25. Nf4 Rbxe4 26. Nxh5 gxh5 27. Bg5 Rg4+ 28. Kh2 Rxg5 29. Nxg5 Qxg5 30. Qf3 Be5+ 31. Kh1 Kh8 32. Rxa6 Rg8 33. Ra7 f6 34. Qe4 Qh6 35. Rf7 h4 36. Bh3 Qg6 37. Bf5 Qxf7 38. Be6 Qg7 39. Bxg8 Qxg8 40. Qxh4 Qf7 41. Qe4 Qg7 42. Rf2 Qh6+ 43. Kg1 Qg5+ 44. Rg2 Qc1+ 45. Kf2 Qxb2+ 46. Kf3 Qc3+ 47. Kg4 Qd4 48. Kf5 Qxe4+ 49. Kxe4 h6 50. Kf5 Kh7 51. Rg4 h5 52. Rh4 Kh6 53. Rh3 c4 54. Ke4 c3 55. Kd3 Kg5 56. Rf3 h4 57. Rh3 Kg4 58. Re3 h3 59. Re4+ Kg3 60. Rc4 h2 0-1


[Site "https://www.chess.com"]

[Event "Titled Tuesday Blitz June 21 Early 2022"]
[White "Navara, David"]
[Black "Sargsyan, Anna M."]
[WhiteFideId "309095"]
[BlackFideId "13308130"]
[WhiteElo "2686"]
[BlackElo "2271"]
[Result "1-0"]
[Round "06"]
[TimeControl "180+1"]
[Date "2022.06.21"]
[WhiteClock "0:00:03"]
[BlackClock "0:00:01"]

1. d4 d5 2. c4 c6 3. Nc3 Nf6 4. e3 Bf5 5. cxd5 cxd5 6. Qb3 Nc6 7. Qxb7 Bd7 8. Qb3 e6 9. Nf3 Rb8 10. Qd1 Bb4 11. Bd3 O-O 12. O-O Qa5 13. Bd2 Qd8 14. a3 Bd6 15. b4 Qe7 16. Rc1 Rfc8 17. Nb5 Ne4 18. Nxd6 Nxd6 19. Qe2 h6 20. b5 Nd8 21. Bb4 N8b7 22. Ne5 Qe8 23. a4 Rxc1 24. Rxc1 Rc8 25. Qb2 f6 26. Nxd7 Qxd7 27. Bc5 Nc4 28. Bxc4 dxc4 29. Rxc4 Rxc5 30. Rxc5 Nxc5 31. Qc2 Nb7 32. h4 Nd6 33. h5 f5 34. f3 Qc8 35. Qc5 Qxc5 36. dxc5 Nb7 37. c6 Nd6 38. Kf2 Kf7 39. Ke2 Ke7 40. Kd3 e5 41. Kc3 Kd8 42. Kb4 Kc7 43. Kc5 e4 44. a5 exf3 45. b6+ axb6+ 46. axb6+ Kc8 47. gxf3 Ne8 48. Kd5 Nf6+ 49. Kd6 Ne8+ 50. Ke7 Nf6 51. Ke6 f4 52. exf4 Nxh5 53. b7+ Kc7 54. f5 Nf6 55. Kf7 Nd5 56. Kxg7 h5 57. f6 Nxf6 58. Kxf6 h4 59. Ke7 h3 60. b8=Q+ Kxb8 61. Kd7 h2 62. c7+ Ka7 63. c8=Q h1=Q 64. Qc7+ Ka6 65. Qc6+ Ka5 66. Qe4 Qh3+ 67. Kd6 Qf1 68. f4 Ka6 69. f5 Qd1+ 70. Qd5 Qf1 71. Ke7 Ka7 72. f6 Qe2+ 73. Kf8 1-0


[Site "https://www.chess.com"]

[Event "Titled Tuesday Blitz June 21 Early 2022"]
[White "Nguyen, Quoc Hy"]
[Black "Pein, Jonathan"]
[WhiteFideId "12410853"]
[BlackFideId "417092"]
[WhiteElo "1938"]
[BlackElo "2140"]
[Result "1-0"]
[Round "06"]
[TimeControl "180+1"]
[Date "2022.06.21"]
[WhiteClock "0:00:23"]
[BlackClock "0:00:02"]

1. d4 c5 2. d5 g6 3. h4 Nf6 4. Nc3 Bg7 5. e4 d6 6. Be2 h5 7. Bg5 Na6 8. Qd2 Nc7 9. f4 O-O 10. O-O-O b5 11. e5 b4 12. Nb5 Ne4 13. Qe3 Nxg5 14. Nxc7 Qxc7 15. exd6 exd6 16. hxg5 c4 17. g4 Qa5 18. Kb1 Bxb2 19. Kxb2 Bd7 20. Bxc4 Bxg4 21. Re1 Rfe8 22. Qxe8+ Rxe8 23. Rxe8+ Kg7 24. Ne2 Qa3+ 25. Kb1 a5 26. Nc1 Qc3 27. Bb3 Bf3 28. Rhe1 h4 29. R1e3 Qd2 30. Rxf3 a4 31. Bxa4 Qxd5 32. Ree3 Qf5 33. Bb3 d5 34. Ne2 f6 35. gxf6+ Kxf6 36. Rd3 Qe4 37. Nd4 Qe1+ 38. Kb2 g5 39. fxg5+ Kxg5 40. Bxd5 Qe5 41. Bb3 Kg4 42. Rfe3 Qf4 43. Be6+ Kg5 44. Re5+ Kf6 45. Rf5+ Qxf5 46. Bxf5 Ke5 47. Bh3 1-0


[Site "https://www.chess.com"]

[Event "Titled Tuesday Blitz June 21 Early 2022"]
[White "Nunez V, Gustavo Eduardo"]
[Black "Yuan, Qingyu"]
[WhiteFideId "4403690"]
[BlackFideId "8609772"]
[WhiteElo "2228"]
[BlackElo "2359"]
[Result "0-1"]
[Round "06"]
[TimeControl "180+1"]
[Date "2022.06.21"]
[WhiteClock "0:00:01"]
[BlackClock "0:00:52"]

1. e4 c6 2. d4 d5 3. Nc3 dxe4 4. Nxe4 Nf6 5. Nxf6+ exf6 6. Bc4 Bd6 7. Ne2 O-O 8. O-O Nd7 9. Bf4 Nb6 10. Bd3 Bg4 11. Bxd6 Qxd6 12. f3 Bh5 13. c3 Rfe8 14. Qd2 Re7 15. Rae1 Nd5 16. Be4 Nb6 17. b3 Rae8 18. Nf4 Bg6 19. Bxg6 hxg6 20. Nd3 g5 21. Rxe7 Rxe7 22. Re1 Nd5 23. g3 b6 24. c4 Nc7 25. Rxe7 Qxe7 26. Kf2 g6 27. Qe3 Qd7 28. Nb4 a5 29. Nc2 Qh3 30. Kg1 Qd7 31. g4 Qd6 32. a3 Kg7 33. Kg2 Ne6 34. Qd2 Nf4+ 35. Kg1 Qd7 36. b4 a4 37. Ne3 Qxd4 38. Qxd4 Ne2+ 39. Kf2 Nxd4 40. Ke1 Nxf3+ 41. Kf2 Nd4 42. Ke1 f5 43. h3 f4 44. Nd1 Nc2+ 45. Kd2 Nxa3 46. Kc3 b5 0-1


[Site "https://www.chess.com"]

[Event "Titled Tuesday Blitz June 21 Early 2022"]
[White "Ovchinnikov, Vsevolod"]
[Black "Skliarov, Viktor"]
[WhiteFideId "24176842"]
[BlackFideId "14106736"]
[WhiteElo "2513"]
[BlackElo "2682"]
[Result "1-0"]
[Round "06"]
[TimeControl "180+1"]
[Date "2022.06.21"]
[WhiteClock "0:00:05"]
[BlackClock "0:00:03"]

1. d4 Nf6 2. c4 e6 3. g3 c5 4. d5 exd5 5. cxd5 d6 6. Nc3 g6 7. Bg2 Bg7 8. Nf3 O-O 9. O-O a6 10. a4 Re8 11. Nd2 Nh5 12. Nc4 f5 13. a5 Qc7 14. e4 Bxc3 15. bxc3 fxe4 16. Re1 Nd7 17. Rxe4 Rxe4 18. Bxe4 Ndf6 19. Bf3 Bh3 20. Bg5 Rf8 21. Qe2 Re8 22. Qd3 Bf5 23. Qd1 Ne4 24. Bxe4 Bxe4 25. Ne3 Qf7 26. Qg4 Bf3 27. Qc4 Qd7 28. Re1 Ng7 29. Qf1 Kf7 30. h3 h5 31. Kh2 Re4 32. Bf4 Nf5 33. Rb1 Ne7 34. Qd3 Qc7 35. Nc4 Rxf4 36. gxf4 Bxd5 37. Ne3 Be6 38. c4 Nf5 39. Rb6 Nxe3 40. fxe3 Bf5 41. Qd5+ Kg7 42. Rxb7 1-0


[Site "https://www.chess.com"]

[Event "Titled Tuesday Blitz June 21 Early 2022"]
[White "Perez Leiva, Jerzy Jesus"]
[Black "Shton, Roman"]
[WhiteFideId "3524337"]
[BlackFideId "14137461"]
[WhiteElo "2287"]
[BlackElo "2013"]
[Result "1-0"]
[Round "06"]
[TimeControl "180+1"]
[Date "2022.06.21"]
[WhiteClock "0:00:20"]
[BlackClock "0:01:17"]

1. e4 Nf6 2. e5 Nd5 3. d4 d6 4. Nf3 g6 5. Bc4 Nb6 6. Bb3 Bg7 7. Qe2 O-O 8. h3 Nc6 9. O-O dxe5 10. dxe5 Be6 11. Rd1 Qc8 12. Nc3 Bxb3 13. axb3 Qe6 14. Bf4 a6 15. Qe4 Rfd8 16. Ng5 Qf5 17. Qxf5 gxf5 18. e6 Rxd1+ 19. Rxd1 f6 20. Bxc7 fxg5 21. Bxb6 Nb4 22. Rd7 Nxc2 23. Nd5 Bxb2 24. Nxe7+ Kf8 25. Nxf5 Re8 26. e7+ Kf7 27. Rxb7 Be5 28. Bc7 Ke6 29. g4 Nd4 30. Rb6+ Kd5 31. Ne3+ Ke4 32. Bxe5 Kxe5 33. Nc4+ Kd5 34. Rd6+ Kc5 35. Rxd4 Kxd4 36. Nd6 Rxe7 37. Nf5+ Kc3 38. Nxe7 Kxb3 39. Nc6 Kc4 40. Kf1 Kb5 41. Nd4+ Kc4 42. Nc6 Kb5 43. Nd4+ Kc4 44. Nc2 Kb3 45. Ne3 a5 46. Ke2 a4 47. Kd2 a3 48. Nc2 Kb2 49. Nxa3 Kxa3 50. Kc3 Ka4 51. Kc4 Ka3 52. Kd5 Kb3 53. Ke5 Kc3 54. Kf5 Kd3 55. Kxg5 Ke2 56. f4 Kf3 57. f5 Kg3 58. h4 Kh3 59. h5 h6+ 60. Kxh6 Kh4 61. Kg6 Kxg4 62. f6 Kh4 63. f7 Kg4 64. f8=Q Kh4 65. Qf5 Kg3 66. Kg5 Kh2 67. Qg4 Kh1 68. h6 Kh2 69. h7 Kh1 70. h8=Q# 1-0


[Site "https://www.chess.com"]